 Dungeon Crawl Stone Soup version 0.27-a0-1154-gfdeffcb720 (webtiles) character file.

Game seed: 16536377451837684929

342 bilbop the Magician (level 6, -2/43 HPs)
             Began as a Djinni Venom Mage on May 15, 2021.
             Was an Initiate of Yredelemnul.
             Killed from afar by Blork the orc (15 damage)
             ... with a puff of frost
             ... on level 5 of the Dungeon.
             The game lasted 00:27:37 (6103 turns).

bilbop the Magician (Djinni Venom Mage)             Turns: 6103, Time: 00:27:38

Health: -2/43      AC:  3    Str:  7    XL:     6   Next: 88%
Gold:   147        EV: 11    Int: 17    God:    Yredelemnul [......] SH:  0 Dex: 15

rFire    + + .     SeeInvis .   b - +0 dagger
rCold    x . .     Faith    .   (no shield)
rNeg     . . .     Spirit   .   c - +0 leather armour
rPois    ∞         Reflect  .   (no helmet)
rElec    .         Harm     .   (no cloak)
rCorr    .         Rampage  .   (no gloves)
Will     .....                  (boots unavailable)
Stlth    ++........             (no amulet)
HPRegen  0.14/turn              (no ring)
MPRegen  0.00/turn              (no ring)

@: flying
A: sickness immunity, fire resistance 2, cold vulnerability 1, float, innate
caster, hp casting, extra vitality 1
a: Renounce Religion


You were on level 5 of the Dungeon.
You worshipped Yredelemnul.
Yredelemnul was noncommittal.
You visited 2 branches of the dungeon, and saw 6 of its levels.

You collected 147 gold pieces.

Inventory:

Hand Weapons
 b - a +0 dagger (weapon)
Missiles
 j - a throwing net
Armour
 a - a +0 robe
 c - a +0 leather armour (worn)
Scrolls
 d - a scroll of immolation {unknown}
 e - 2 scrolls of noise {unknown}
 f - 2 scrolls of identify {unknown}
 g - a scroll of teleportation {unknown}
 m - a scroll of fear {unknown}
 n - a scroll of enchant armour {unknown}
Potions
 h - 2 potions of heal wounds {unknown}
 i - a potion of degeneration {unknown}
 k - 2 potions of might {unknown}
 l - 2 potions of curing
 o - a potion of berserk rage {unknown}
 p - a potion of ambrosia {unknown}


   Skills:
 + Level 2.2 Fighting
 + Level 1.8 Short Blades
 - Level 2.1 Dodging
 + Level 2.6 Stealth
 + Level 2.0 Shields
 * Level 3.6 Spellcasting
 + Level 1.9 Invocations


You couldn't memorise any spells.
You knew the following spells:

 Your Spells              Type           Power      Damage    Failure   Level
a - Sting                 Tmut/Pois      60%        1d6       5%          1
b - Poisonous Vapours     Pois/Air       30%        N/A       9%          2
c - Mephitic Cloud        Conj/Pois/Air  15%        N/A       17%         3
d - Ignite Poison         Fire/Tmut/Pois 15%        N/A       17%         3
e - Olgreb's Toxic Radia  Pois           15%        N/A       50%         4
f - Corona                Hex            16%        N/A       5%          1
g - Call Imp              Summ           15%        N/A       9%          2
Your spell library was empty.

Dungeon Overview and Level Annotations

Branches:
Dungeon (5/15)             Temple (1/1) D:4

Altars:
Ashenzari
Cheibriados
Dithmenos
Fedhas
Hepliaklqana
Kikubaaqudgha
Makhleb
Nemelex Xobeh
Okawaru
Qazlal
Ru
Sif Muna
Trog
Uskayaw
Vehumet
Wu Jian
Xom
Yredelemnul
Zin

Portals:
Abyss: D:3

Annotations:
D:3 2 transporters, Belboz's ghost, amateur PaBe
D:5 Blork the orc


Innate Abilities, Weirdness & Mutations

You are immune to sickness and miasma.
You are immune to poison.
Your flesh is very heat resistant. (rF++)
You are vulnerable to cold. (rC-)
You float through the air rather than walking.
You learn spells naturally, not from books.
Your magical power is your life essence.
You have superior vitality. (+4 HP)


Message History

The bullfrog skeleton closely misses you.
Your white imp gestures at Blork the orc.
The puff of frost hits Blork the orc!
The bullfrog skeleton barely misses you.
Your white imp misses Blork the orc.
Your white imp gestures at Blork the orc.
The puff of frost hits Blork the orc!
Your white imp barely misses Blork the orc.
Blork the orc screams at something, "I'll crush all your ribs!
One by one!"
Blork the orc gestures at something while chanting.
The bullfrog skeleton barely misses you.
The phantom hits your iron imp but does no damage.
There is a stone staircase leading up here.
The phantom barely misses your iron imp.
You hit the bullfrog skeleton but do no damage.
The bullfrog skeleton hits you.
Your iron imp hits the bullfrog skeleton!
You hit the bullfrog skeleton.
The bullfrog skeleton is heavily damaged.
The bullfrog skeleton hits you.
The phantom barely misses your iron imp.
The bullfrog skeleton hits you.
Blork the orc gestures at your iron imp while chanting.
The puff of frost hits your iron imp.
Your iron imp resists.
Your iron imp closely misses Blork the orc.
The bullfrog skeleton hits you.
* * * LOW HITPOINT WARNING * * *
Blork the orc hits your iron imp with a +0 hand axe.
Casting: Call Imp (safe; 9% risk of failure)
Confirm with . or Enter, or press ? or * to list all spells.
Okay, then.
Blork the orc hits your iron imp with a +0 hand axe.
Your iron imp dies!
The phantom barely misses you.
The bullfrog skeleton hits you but does no damage.
Blork the orc points at you and mumbles some strange words.
The puff of frost hits you!
You feel a terrible chill!
You die...
Your body rises from the dead as a mindless zombie.

####### #.. ..#
########.# #.# .(.......#
#.######
....$....###o##...##
#........@..WZ..<..##
#.########.##.......#####
.....)...........##
###.##.............
#.##......####.##
#.####....# #.# #.#
#=##.# #.#
#.####.##.####.#
#.......5....#


You could see Blork the orc (fast), a phantom and a bullfrog skeleton.

Vanquished Creatures
  An ogre (D:4)
  Natasha (thrice) (D:3)
  A hound zombie (D:5)
  5 gnolls
  5 adders
  2 worms
  A dart slug (D:1)
  5 orcs
  6 ball pythons
  5 endoplasms
  4 giant cockroaches
  5 goblins
  5 hobgoblins
  4 jackals (D:4)
  6 kobolds
  2 quokkas
  3 bats
  4 rats
67 creatures vanquished.

Vanquished Creatures (collateral kills)
  A bat (D:2)
  An endoplasm (D:4)
  2 jackals (D:3)
4 creatures vanquished.

Vanquished Creatures (others)
  5 plants (D:3)
5 creatures vanquished.

Grand Total: 76 creatures vanquished

Notes
Turn   | Place    | Note
-------+----------+-------------------------------------------
     0 | D:1      | bilbop the Djinni Venom Mage began the quest for the Orb.
     0 | D:1      | Reached XP level 1. HP: 15/15 MP: 0/0
   311 | D:1      | Reached XP level 2. HP: 20/21 MP: 0/0
   796 | D:1      | Reached XP level 3. HP: 24/26 MP: 0/0
   796 | D:1      | Learned a level 1 spell: Corona
  1712 | D:2      | Reached skill level 1 in Shields
  1712 | D:2      | Reached XP level 4. HP: 11/31 MP: 0/0
  1966 | D:2      | Reached skill level 1 in Fighting
  1966 | D:2      | Reached skill level 1 in Short Blades
  1971 | D:2      | Reached skill level 3 in Spellcasting
  1971 | D:2      | Reached skill level 1 in Invocations
  1973 | D:2      | HP: 1/32 [gnoll/+0 club (2)]
  2482 | D:2      | Reached XP level 5. HP: 35/37 MP: 0/0
  2482 | D:2      | Learned a level 2 spell: Call Imp
  2720 | D:3      | Found a transporter.
  2725 | D:3      | Found a transporter.
  2745 | D:3      | Noticed Natasha
  2749 | D:3      | Killed Natasha
  3096 | D:3      | Noticed Natasha
  3100 | D:3      | Killed Natasha
  3582 | D:3      | Noticed Natasha
  3587 | D:3      | Killed Natasha
  3588 | D:3      | Reached XP level 6. HP: 32/43 MP: 0/0
  3761 | D:3      | Found a sparkling altar of Nemelex Xobeh.
  3803 | D:3      | Found a one-way gate to the infinite horrors of the Abyss.
  3803 | D:3      | Noticed Belboz's ghost (amateur PaBe)
  3820 | D:3      | Noticed an ancient zyme
  4091 | D:4      | Noticed an ogre
  4157 | D:4      | Found a staircase to the Ecumenical Temple.
  4164 | Temple   | Entered the Ecumenical Temple
  4512 | Temple   | Became a worshipper of Yredelemnul the Dark
  4927 | D:4      | Killed an ogre
  5913 | D:5      | Entered Level 5 of the Dungeon
  6072 | D:5      | Noticed Blork the orc
  6103 | D:5      | Killed from afar by Blork the orc

Illustrated notes

Levels and vault maps discovered:
D:1:      saegor_arrival_simple_b, layout_basic
D:2:      layout_loops_ring, basic_altar
D:3:      layout_basic, nemelex_diamond_rough_becter,
          gammafunk_ghost_abyssal_escape, serial_bayou_lagoon_a, uniq_natasha
D:4:      layout_layer_cave, minmay_temple_entry_overgrown
D:5:      layout_loops_ring, lemuel_crystal_altar, uniq_prince_ribbit1,
          uniq_blork_the_orc
Temple:   dpeg_five_rooms_temple

Skill      XL: |  1  2  3  4  5  6 |
---------------+-------------------+-----
Stealth        | 2 |  2.6
Shields        | 1 2 |  2.0
Fighting       | 1 2 |  2.2
Short Blades   | 1 |  1.8
Spellcasting   | 3 |  3.6
Invocations    | 1 |  1.9
Dodging        | |  2.1

Action                   |  1- 3 |  4- 6 || total
-------------------------+-------+-------++-------
Melee: Dagger            |    45 |    53 ||    98
 Cast: Sting             |    28 |    16 ||    44
       Poisonous Vapours |     2 |    62 ||    64
       Corona            |     2 |       ||     2
       Call Imp          |       |    11 ||    11
       Ignite Poison     |       |     1 ||     1
 Stab: Sleeping          |     2 |     1 ||     3
Armor: Leather armour    |    11 |    14 ||    25
Dodge: Dodged            |    29 |    35 ||    64

Table legend: (Time is in decaauts)
 A = Elapsed time spent in this place.
 B = Non-inter-level travel time spent in this place.
 C = Inter-level travel time spent in this place.
 D = Time resting spent in this place.
 E = Time spent auto-exploring this place.
 F = Levels seen in this place.
 G = Mean time per level.
                   A        B        C        D        E       F      G
               +--------+--------+--------+--------+--------+-----+--------+
         Total |   6098 |   5844 |    254 |   2011 |   3252 |   6 | 1016.3 |
       Dungeon |   5720 |   5580 |    140 |   2011 |   2991 |   5 | 1144.0 |
        Temple |    377 |    263 |    114 |      0 |    261 |   1 |  377.0 |
               +--------+--------+--------+--------+--------+-----+--------+

Top non-repeatable levels by time:
     D:2: 1529 daAuts
     D:3: 1513 daAuts
     D:4: 1408 daAuts
     D:1: 1081 daAuts
  Temple: 377 daAuts
     D:5: 187 daAuts
